 Dungeon Crawl Stone Soup version 0.28.0-1-gb440e238dd (webtiles) character file.

Game seed: 11840782687838067777

211 smarlow the Skirmisher (level 5, -6/47 HPs)
             Began as a Minotaur Fighter on Feb 23, 2022.
             Killed by nerve-wracking pain
             ... invoked by an orc priest
              (11 damage)
             ... on level 3 of the Dungeon.
             The game lasted 00:05:42 (1934 turns).

smarlow the Skirmisher (Minotaur Fighter)           Turns: 1934, Time: 00:05:43

Health: -6/47      AC:  8    Str: 23    XL:     5   Next: 57%
Magic:  4/4        EV:  9    Int:  5    God:
Gold:   51         SH:  4    Dex:  9    Spells: 4/4 levels left

rFire   . . .      SeeInvis .   a - +0 war axe
rCold   . . .      Faith    .   c - +0 buckler
rNeg    . . .      Spirit   .   b - +0 scale mail
rPois   .          Reflect  .   (helmet restricted)
rElec   .          Harm     .   (no cloak)
rCorr   .          Rampage  .   j - +0 pair of gloves
Will    .....                   (no boots)
Stlth   ..........              (no amulet)
HPRegen 0.15/turn               (no ring)
MPRegen 0.09/turn               (no ring)

@: no status effects
A: horns 2, retaliatory headbutt
a: no special abilities


You were on level 3 of the Dungeon.
You visited 1 branch of the dungeon, and saw 3 of its levels.

You collected 51 gold pieces.

Inventory:

Hand Weapons
 a - a +0 war axe (weapon)
Missiles
 f - 4 javelins (quivered)
Armour
 b - a +0 scale mail (worn)
 c - a +0 buckler (worn)
 j - a +0 pair of gloves (worn)
Scrolls
 g - 4 scrolls of identify {unknown}
 h - a scroll of vulnerability {unknown}
 k - a scroll of teleportation {unknown}
Potions
 d - a potion of might
 e - a potion of curing {unknown}
 i - a potion of flight {unknown}
 l - 3 potions of degeneration {unknown}


   Skills:
 + Level 4.9 Fighting
 + Level 3.9 Axes
 + Level 1.4 Throwing
 + Level 4.8 Armour
 + Level 4.7 Shields


You had 4 spell levels left.
You didn't know any spells.
Your spell library was empty.

Dungeon Overview and Level Annotations

Branches:
Dungeon (3/15)

Altars:


Innate Abilities, Weirdness & Mutations

You have a pair of horns on your head.
You reflexively headbutt those who attack you in melee.


Message History

You see here a bat corpse.
The orc wizard hits you but does no damage.
You slash the orc wizard!
The orc wizard is heavily wounded.
The orc wizard closely misses you.
You barely miss the orc wizard.
The orc wizard is heavily wounded.
The orc priest calls upon Beogh to heal the orc wizard.
The orc wizard is healed somewhat.
The orc wizard closely misses you.
You slash the orc wizard!
The orc wizard is almost dead.
The orc wizard gestures wildly while chanting.
The orc wizard flickers and vanishes!
Deactivating autopickup; reactivate with Ctrl-A.
You closely miss something. Something hits you but does no damage.
You hear some strange, mumbled words.
A puff of flame appears from out of thin air!
The puff of flame hits you!
You miss something. Your headbutt misses something.
The orc priest invokes the aid of Beogh against you.
Beogh smites you! Something hits you.
You slash something!
Reactivating autopickup.
You feel a bit more experienced.
The orc priest looks encouraged for a moment.
You hit the orc priest.
You headbutt the orc priest, but do no damage.
The orc priest is moderately wounded.
The orc priest closely misses you.
You closely miss the orc priest. Your headbutt misses the orc priest.
The orc priest is moderately wounded.
The orc priest hits you with a +0 whip.
You hit the orc priest. Your headbutt misses the orc priest.
The orc priest is heavily wounded.
The orc priest calls down the wrath of Beogh upon you.
Beogh smites you!
* * * LOW HITPOINT WARNING * * *
The orc priest calls down the wrath of Beogh upon you.
Pain shoots through your body!
You die...

### ...# ...#
....# #####....
#.....#.#
#######.###.# #
#<...@oo....#!#
#######.....#.#
#.......#
#.##..###
#.....#
o......!..
o#######.## .#
.#


You could see an orc priest and an orc.

Vanquished Creatures
  A scorpion (D:2)
  An orc wizard (D:3)
  Natasha (D:2)
  An adder (D:2)
  3 gnolls (D:2)
  4 worms (D:2)
  2 dart slugs
  2 endoplasms (D:1)
  3 giant cockroaches
  3 goblins (D:1)
  5 hobgoblins (D:1)
  3 jackals (D:1)
  3 ball pythons (D:1)
  7 bats
  A frilled lizard (D:1)
  5 kobolds
  4 rats
49 creatures vanquished.

Notes
Turn   | Place    | Note
-------+----------+-------------------------------------------
     0 | D:1      | smarlow the Minotaur Fighter began the quest for the Orb.
     0 | D:1      | Reached XP level 1. HP: 19/19 MP: 0/0
   136 | D:1      | Reached XP level 2. HP: 27/27 MP: 1/1
   489 | D:1      | Reached XP level 3. HP: 26/33 MP: 2/2
   922 | D:2      | Noticed a scorpion
  1072 | D:2      | Reached XP level 4. HP: 37/41 MP: 3/3
  1263 | D:2      | Killed a scorpion
  1264 | D:2      | Reached XP level 5. HP: 47/47 MP: 4/4
  1269 | D:2      | Reached skill level 1 in Throwing
  1340 | D:2      | Found a faded altar of an unknown god.
  1386 | D:2      | Noticed Natasha
  1393 | D:2      | Killed Natasha
  1934 | D:3      | Killed from afar by an orc priest

Illustrated notes

Levels and vault maps discovered:
D:1:      minmay_arrival_glassed_features, layout_basic, minmay_statues_item,
          minivault_11
D:2:      layout_loops_corners, dreamdust_ecumenical_altar_statues,
          kennysheep_donut, nicolae_wormholes, uniq_natasha
D:3:      layout_basic, ebering_ghost_inner_flame, serial_shops, shop

Skill      XL: |  1  2  3  4  5 |
---------------+----------------+-----
Fighting       | 4 |  4.9
Armour         | 4 |  4.8
Shields        | 4 |  4.7
Axes           | 3 |  3.9
Throwing       | 1 |  1.4

Action                   |  1- 3 |  4- 6 || total
-------------------------+-------+-------++-------
Melee: War axe           |    73 |    47 ||   120
       Headbutt          |     9 |     7 ||    16
Throw: Javelin           |       |     4 ||     4
  Use: Scroll            |     1 |       ||     1
Armor: Scale mail        |    41 |    12 ||    53
Dodge: Dodged            |    55 |    19 ||    74
Block: Buckler           |    28 |     8 ||    36
